 Dungeon Crawl Stone Soup version 0.31-a0-596-g831eee08f1 (webtiles) character file.

Game seed: 10799572095377409922

87304 Shayle the Arsonist (level 15, -3/222 HPs)
             Began as an Ogre Shapeshifter on Aug 20, 2023.
             Was an Elder of Kikubaaqudgha.
             Killed from afar by a white draconian knight (15 damage)
             ... with a bolt of cold
             ... in an ice cave.
             The game lasted 02:16:11 (35086 turns).

Shayle the Arsonist (Ogre Shapeshifter)            Turns: 35086, Time: 02:16:11

Health: -3/222     AC: 11    Str: 23      XL:     15   Next: 90%
Magic:  12/38      EV:  9    Int: 20 (21) God:    Kikubaaqudgha [****..]
Gold:   3014       SH:  5    Dex:  9      Spells: 1/34 levels left

rFire   + .          .
                       - Unarmed
rCold   + . .        (no shield)
rNeg    . . .        h - +1 robe "Ulaycomo" {rC+ Archmagi}
rPois   +            U - +4 hat of Valour {rPois rF+ Will+}
rElec   .            n - +2 cloak
rCorr   .            (gloves unavailable)
SInv    .            (boots unavailable)
Will    ++...        v - amulet of reflection Stlth
                     I - ring of magical power
HPRegen 0.57/turn    D - +6 ring of intelligence
MPRegen 0.26/turn

%: reflection, archmagi
@: berserking, death channelling, animating dead, studying Polearms, very quick
A: large, unfitting armour, tough skin 1
a: Renounce Religion, Unearth Wretches


You were in an ice cave.
You worshipped Kikubaaqudgha.
Kikubaaqudgha was greatly pleased with you.
You visited 5 branches of the dungeon, and saw 23 of its levels.
You also visited: Sewer, Ossuary, Bailey, Ice Cave and Volcano.

You collected 3617 gold pieces.
You spent 603 gold pieces at shops.

Inventory:

Hand Weapons
 a - a +1 scimitar of flaming
 x - a +1 dagger of draining
 Z - a +3 hand crossbow of freezing
Missiles
 N - 11 curare-tipped darts (quivered)
 V - 3 silver javelins
 X - 2 throwing nets
Armour
 h - the +1 robe "Ulaycomo" (worn) {rC+ Archmagi}
   (You acquired it on level 3 of the Dungeon)

   rC+:       It protects you from cold.
   Archmagi:  It increases the power of your magical spells.
 n - a +2 cloak (worn)
 F - a scarf of resistance
 U - the +4 hat of Valour (worn) {rPois rF+ Will+}
   (You acquired it on level 7 of the Dungeon)

   rF+:       It protects you from fire.
   rPois:     It protects you from poison Will+: It increases your willpower.
Jewellery
 v - an amulet of reflection (around neck)
 w - the ring "Maennex" {Fly SInv}
   (You found it in an ice cave)

   [ring of flight]

   SInv:      It lets you see invisible.
   Fly:       It grants you flight.
 D - a +6 ring of intelligence (right hand)
 I - a ring of magical power (left hand)
 L - a ring of flight
 Q - a ring of positive energy
 R - a ring of positive energy
 W - a ring of protection from fire
Talismans
 c - a beast talisman
 d - a flux talisman
 J - a serpent talisman
Wands
 m - a wand of digging (9)
 q - a wand of mindburst (12)
 s - a wand of charming (48)
 H - a wand of flame (31)
 M - a wand of roots (1)
 T - a wand of light (5)
Scrolls
 e - 3 scrolls of enchant armour
 f - 2 scrolls of blinking
 g - 5 scrolls of poison
 k - 2 scrolls of vulnerability
 o - 2 scrolls of amnesia
 p - 2 scrolls of identify
 u - 3 scrolls of fog
 y - 3 scrolls of butterflies
 G - 8 scrolls of teleportation
 O - a scroll of immolation
 Y - 3 scrolls of silence
Potions
 b - 3 potions of brilliance
 i - 3 potions of berserk rage
 j - 13 potions of curing
 l - 3 potions of mutation
 r - 5 potions of haste
 t - 2 potions of might
 z - 4 potions of invisibility
 A - a potion of ambrosia
 B - 2 potions of resistance
 C - 7 potions of cancellation
 E - 3 potions of magic
 S - a potion of lignification


   Skills:
 - Level 9.5 Fighting
 - Level 1.7 Dodging
 - Level 8.5 Unarmed Combat
 + Level 10.0 Spellcasting
 - Level 10.4 Conjurations
 + Level 10.3 Necromancy
 + Level 11.7 Fire Magic
 - Level 11.0 Earth Magic
 - Level 5.9 Poison Magic
 - Level 3.0 Shapeshifting


You had one spell level left.
You knew the following spells:

 Your Spells              Type           Power      Damage    Failure   Level
a - Stone Arrow           Conj/Erth      100%       3d13      1%          3
b - Sublimation of Blood  Necr           67%        N/A       1%          2
c - Olgreb's Toxic Radia  Pois           50%        N/A       6%          4
d - Animate Dead          Necr           67%        N/A       1%          4
e - Leda's Unmaking       Conj/Erth      34%        9d6       13%         6
f - Ignite Poison         Fire/Tmut/Pois 50%        N/A       1%          3
g - Borgnjor's Vile Clut  Necr/Erth      34%        N/A       2%          5
h - Death Channel         Necr           33%        N/A       16%         6

Your spell library contained the following spells:

 Spells                   Type           Power      Damage    Failure   Level
 Kiss of Death            Conj/Necr      100%       2d13      1%          1
 Necrotise                Necr           100%       1d9       1%          1
 Sandblast                Erth           100%       2d20      1%          1
 Sting                    Tmut/Pois      100%       1d8       1%          1
 Apportation              Tloc           30%        N/A       7%          1
 Summon Small Mammal      Summ           60%        N/A       7%          1
 Cigotuvi's Dreadful Rot  Necr/Pois/Air  94%        N/A       1%          2
 Passwall                 Tmut/Erth      40%        N/A       1%          2
 Inner Flame              Hex/Fire       50%        N/A       1%          3
 Dispel Undead            Necr           67%        3d23      1%          4
 Flame Wave               Conj/Fire      69%        2d16      1%          4
 Sticky Flame             Conj/Fire      69%        2d8       1%          4
 Lee's Rapid Deconstruct  Erth           34%        3d17*     1%          5
 Dazzling Flash           Conj/Hex       92%        N/A       2%          3
 Agony                    Necr           67%        N/A       2%          5
 Iskenderun's Battlesphe  Conj           67%        2d12      2%          5
 Poisonous Vapours        Pois/Air       64%        N/A       3%          2
 Leda's Liquefaction      Hex/Erth       24%        N/A       7%          4
 Anguish                  Hex/Necr       23%        N/A       9%          4
 Wereblood                Tmut           15%        N/A       11%         2
 Confusing Touch          Hex            15%        N/A       21%         3
 Vhi's Electric Charge    Tloc/Air       30%        N/A       21%         3
 Arcjolt                  Conj/Air       23%        1d33      22%         5
 Irradiate                Conj/Tmut      23%        3d19      22%         5
 Plasma Beam              Fire/Air       25%        2x1d37    67%         6
 Silence                  Hex/Air        7%         N/A       88%         5
 Ignition                 Fire           35%        3d11      98%         8
 Spellforged Servitor     Conj/Summ      23%        N/A       100%        7
 Summon Hydra             Summ           7%         N/A       100%        7


Dungeon Overview and Level Annotations

Branches:
Dungeon (14/15)            Temple (1/1) D:4            Lair (5/5) D:10
  Swamp (1/4) Lair:2        Snake (0/4) Lair:2        Slime (0/5) Lair:4
    Orc (2/2) D:10            Elf (0/3) Orc:2        Vaults (0/5) D:13
  Sewer (visited)         Ossuary (visited)          Bailey (visited)
  IceCv (1/1)             Volcano (visited)

Altars:
Ashenzari
Cheibriados
Dithmenos
Elyvilon
Fedhas
Gozag
Hepliaklqana
Kikubaaqudgha
Makhleb
Nemelex Xobeh
Okawaru
Qazlal
Ru
Sif Muna
Trog
Uskayaw
Vehumet
Wu Jian
Xom
Yredelemnul
Zin
The Shining One
Jiyva

Shops:
D:5 *   D:10 *   Orc:2 [(?*

Annotations:
D:10 3 runed translucent doors, Midn8's ghost, journeyman DrVM
Lair:4 1 runed translucent door


Innate Abilities, Weirdness & Mutations

You are too large for most types of armour.
You have tough skin. (AC +1)


Message History

You hear some strange, mumbled words.
A shard of ice appears from out of thin air!
The shard of ice misses you.
The shard of ice hits your ice beast zombie!!
Your ice beast zombie partially resists.
Your ice beast zombie is destroyed!
Your spectral rime drake bites something but does no damage.
Okay, then.
A red film seems to cover your vision as you go berserk!
You feel yourself moving faster!
You feel mighty!
You hear some strange, mumbled words.
A shard of ice appears from out of thin air!
The shard of ice hits you!! You partially resist.
Your spectral rime drake bites something but does no damage.
Something hits you!!
* * * LOW HITPOINT WARNING * * *
Something freezes you.
* * * LOW HITPOINT WARNING * * *
Something hits your spectral rime drake.
Something freezes your spectral rime drake.
You completely miss something. You closely miss something.
Your punch misses something.
You hear a roar.
A blast of cold appears from out of thin air!
The blast of cold hits you! You resist.
* * * LOW HITPOINT WARNING * * *
Your spectral rime drake bites something but does no damage.
You completely miss something. Your punch misses something.
Something hits you!!
* * * LOW HITPOINT WARNING * * *
Something freezes you.
* * * LOW HITPOINT WARNING * * *
Something hits your spectral rime drake.
Your spectral rime drake is destroyed!
You miss something.
You hear some strange, mumbled words.
A bolt of cold appears from out of thin air!
The bolt of cold hits you! You resist.
You die...
Kikubaaqudgha rasps: "You have failed me!
Welcome... death!"

##.## #.§#.# #..##
###§### ##..## ##...#
##..# ##..### ##.##
##..## #..## #..##
###..## #..# #..Z.Z# #..#
##...@.## #.## ##†...{..#
##.# # #........## #..#
###### ##........###.##
.##..## ###.........##..#
......###).............##
....)..#..............##
...##....##..........##
.#####..####.........#


You could see a friendly rime drake zombie and a friendly ice beast zombie.

Vanquished Creatures
  An eleionoma (Lair:2)
  5 white draconians (IceCv)
  Snorg (D:11)
  A fire dragon (Volcano)
  Fannar (D:11)
  A vault guard (D:13)
  5 catoblepae
  A boulder beetle (Lair:3)
  Erica (D:11)
  3 orc high priests (Orc:2)
  4 two-headed ogres
  8 death yaks (Lair:5)
  A tengu warrior (D:13)
  Urug (D:13)
  3 skysharks
  A lindwurm (Volcano)
  2 orc knights
  Pikel (D:8)
  2 orc sorcerers (Orc:2)
  2 ugly things
  3 manticores
  4 cyclopes
  A guardian serpent (shapeshifter) (D:13)
  6 black mambas
  Maurice (D:11)
  2 torpor snails
  7 cane toads
  4 smoke demons (Volcano)
  5 storm dragon simulacra (IceCv)
  3 kobold demonologists (D:12)
  3 gargoyles
  6 rime drakes
  2 yaktaurs (D:14)
  11 komodo dragons
  A tengu conjurer (D:13)
  A golden dragon simulacrum (IceCv)
  A tyrant leech (Swamp:1)
  A hornet (Lair:2)
  3 trolls
  13 blink frogs
  8 dream sheep (Lair:5)
  9 slime creatures (D:12)
  24 yaks
  3 basilisks
  2 shadows
  A fire elemental (Lair:3)
  5 wyverns
  2 wraiths
  7 steam dragons
  10 humans (D:13)
  3 vampire mosquitoes (D:10)
  3 wargs
  An acid dragon (D:11)
  3 hell hounds
  10 water moccasins
  18 orc warriors
  2 sky beasts
  A swamp drake (Swamp:1)
  9 ice beasts
  2 black bears
  9 ice dragon simulacra (IceCv)
  6 centaurs
  8 ogres
  15 wolves
  2 phantoms
  7 kobold brigands
  5 water moccasin zombies (Ossuary)
  4 scorpions
  13 bullfrogs
  16 wights
  A jelly (D:4)
  5 lindwurm simulacra (IceCv)
  27 killer bees
  A howler monkey (D:7)
  2 vampire bats (D:5)
  9 electric eels (D:11)
  21 orc priests
  3 hounds
  2 gnoll boudas
  A sleepcap (D:3)
  4 hell rats (Lair:1)
  15 iguanas
  Natasha (thrice) (D:2)
  18 orc wizards
  2 mummies (Ossuary)
  19 gnolls
  11 adders
  3 river rats
  A shadow imp (D:6)
  4 white imps
  3 ufetubi
  2 adder zombies (Ossuary)
  10 worms
  2 dart slugs
  50 orcs
  15 ball pythons
  14 endoplasms
  12 giant cockroaches
  2 gnoll zombies (Ossuary)
  11 goblins
  6 hobgoblins
  4 quokkas
  13 bats
  3 frilled lizards
  5 hobgoblin zombies (Ossuary)
  19 kobolds
  8 kobold zombies (Ossuary)
  7 orc zombies (Ossuary)
  10 rats
679 creatures vanquished.

Vanquished Creatures (collateral kills)
  A hydra (Lair:2)
  A death yak (Lair:5)
  An orc high priest (Orc:2)
  Sonja (Lair:4)
  2 skysharks (Lair:4)
  An orange crystal statue (IceCv)
  3 lindwurms (Volcano)
  An oklob plant (Lair:5)
  7 black mambas
  8 cane toads
  A rime drake (D:10)
  A komodo dragon (Lair:1)
  A freezing wraith (D:13)
  A troll (D:10)
  6 dream sheep (Lair:5)
  8 blink frogs
  2 wyverns
  9 yaks
  A basilisk (Lair:5)
  7 water moccasins
  3 ice beasts
  An orc warrior (Orc:2)
  7 wolves
  A kobold brigand (D:12)
  4 bullfrogs
  A lindwurm simulacrum (IceCv)
  7 orc priests (Orc:2)
  An iguana (D:10)
  2 orc wizards (Orc:2)
  4 orcs (Orc:2)
  2 kobolds (D:12)
96 creatures vanquished.

Vanquished Creatures (others)
  A vault guard (D:13)
  A lindwurm (Volcano)
  2 ugly thing zombies
  A salamander (Volcano)
  A cane toad (Lair:4)
  Maggie (D:10)
  An unseen horror (D:13)
  2 white draconian zombies (IceCv)
  6 rime drakes (IceCv)
  6 yaks
  2 black mamba zombies (Lair:4)
  A water moccasin (Lair:4)
  2 cane toad zombies (Lair:5)
  An acid dragon (D:10)
  6 ice beasts (IceCv)
  2 lindwurm zombies (Volcano)
  5 blink frog zombies
  7 rime drake zombies
  2 komodo dragon zombies (Lair:5)
  A bullfrog (Lair:4)
  A hell hound zombie (Volcano)
  2 water moccasin zombies
  7 yak zombies
  A warg zombie (Orc:2)
  2 tengu zombies (D:13)
  14 wolf zombies
  A black bear zombie (Lair:3)
  A human zombie (D:13)
  A hell rat (Lair:1)
  9 ice beast zombies (IceCv)
  3 orc zombies (Orc:2)
  8 kobold zombies (D:12)
101 creatures vanquished.

Grand Total: 876 creatures vanquished

Notes
Turn   | Place    | Note
-------+----------+-------------------------------------------
     0 | D:1      | Shayle the Ogre Shapeshifter began the quest for the Orb.
     0 | D:1      | Reached XP level 1. HP: 19/19 MP: 1/1
   122 | D:1      | Reached XP level 2. HP: 27/28 MP: 1/3
   182 | D:1      | Reached skill level 1 in Spellcasting
   473 | D:1      | Reached XP level 3. HP: 36/36 MP: 3/5
  1315 | D:2      | Reached XP level 4. HP: 35/45 MP: 5/7
  1610 | D:2      | Noticed Natasha
  1616 | D:2      | Killed Natasha
  1621 | D:2      | Reached XP level 5. HP: 42/53 MP: 8/8
  1683 | D:2      | Noticed Natasha
  1692 | D:2      | Killed Natasha
  1888 | D:2      | Noticed Natasha
  1898 | D:2      | Killed Natasha
  2122 | D:3      | Identified a scroll of acquirement
  2122 | D:3      | Acquired the +1 robe "Ulaycomo" {rC+ Archmagi}
  2428 | D:3      | Reached XP level 6. HP: 52/62 MP: 10/10
  2530 | D:3      | Found a glowing drain.
  2579 | Sewer    | Entered a sewer
  3331 | D:3      | Learned a level 3 spell: Stone Arrow
  3400 | D:3      | Reached skill level 5 in Fighting
  3400 | D:3      | Reached skill level 5 in Unarmed Combat
  3400 | D:3      | Reached XP level 7. HP: 52/72 MP: 12/12
  3667 | D:4      | Reached skill level 1 in Conjurations
  3667 | D:4      | Reached skill level 1 in Earth Magic
  3679 | D:4      | Found a sand-covered staircase.
  3694 | Ossuary  | Entered an ossuary
  3839 | Ossuary  | Reached XP level 8. HP: 66/83 MP: 14/14
  4095 | D:4      | Found a radiant altar of Vehumet.
  4172 | D:4      | Found a staircase to the Ecumenical Temple.
  4192 | Temple   | Entered the Ecumenical Temple
  4466 | D:4      | Found a sparkling altar of Nemelex Xobeh.
  4627 | D:5      | Entered Level 5 of the Dungeon
  4728 | D:5      | Reached skill level 5 in Spellcasting
  4872 | D:5      | Found a hide-covered altar of Uskayaw.
  5564 | D:5      | Found Xysaiw's General Store.
  5568 | D:5      | Bought a potion of heal wounds for 75 gold pieces
  5683 | D:5      | Reached XP level 9. HP: 93/93 MP: 16/17
  5739 | D:5      | Found a sacrificial altar of Ru.
  6387 | D:6      | Noticed a troll
  6826 | D:8      | Found a flagged portal.
  6866 | Bailey   | Entered a bailey
  7374 | Bailey   | Found a burning altar of Makhleb.
  7553 | D:8      | Noticed a two-headed ogre
  7575 | D:8      | Killed a two-headed ogre
  7576 | D:8      | Reached XP level 10. HP: 104/106 MP: 20/20
  7627 | D:8      | Reached skill level 5 in Conjurations
  7832 | D:8      | Reached skill level 5 in Earth Magic
  7858 | D:8      | Found a white marble altar of Elyvilon.
  8088 | D:8      | Found a hazy altar of Hepliaklqana.
  8274 | D:7      | Learned a level 2 spell: Sublimation of Blood
  8354 | D:7      | Found a glowing golden altar of the Shining One.
  8624 | D:7      | Acquired the +4 hat of Valour {rPois rF+ Will+}
  9653 | D:8      | Learned a level 4 spell: Olgreb's Toxic Radiance
  9706 | D:8      | Found an ancient bone altar of Kikubaaqudgha.
  9706 | D:8      | Found a faded altar of an unknown god.
  9713 | D:8      | Found a faded altar of an unknown god.
  9716 | D:8      | Found an iron altar of Okawaru.
  9717 | D:8      | Found a shimmering blue altar of Sif Muna.
  9735 | D:8      | Became a worshipper of Kikubaaqudgha
  9847 | D:9      | Noticed Pikel
  9853 | D:8      | Killed Pikel
 10186 | D:9      | Found a stormy altar of Qazlal.
 10190 | D:9      | Found an opulent altar of Gozag.
 10192 | D:9      | Found a burning altar of Makhleb.
 10248 | D:9      | Reached skill level 1 in Necromancy
 10308 | D:9      | Reached skill level 1 in Poison Magic
 10485 | D:10     | Entered Level 10 of the Dungeon
 10485 | D:10     | Found Qiosid's Assorted Antiques.
 10498 | D:10     | Bought a scroll labelled HAAQITIGEG for 32 gold pieces
 10498 | D:10     | Bought a scroll labelled EFULYDU FITZURCH for 32 gold
                  | pieces
 10498 | D:10     | Bought 2 white potions for 57 gold pieces
 10937 | D:10     | Noticed Maggie
 10966 | D:10     | Reached XP level 11. HP: 104/115 MP: 23/23
 10979 | D:10     | Your ally Maggie died
 11046 | D:10     | Reached * piety under Kikubaaqudgha
 11046 | D:10     | Received a gift from Kikubaaqudgha
 11771 | D:10     | Found a staircase to the Orcish Mines.
 11868 | D:10     | Found a staircase to the Lair.
 11893 | D:10     | Found a runed translucent gate.
 11893 | D:10     | Noticed Midn8's ghost (journeyman DrVM)
 11915 | Lair:1   | Entered Level 1 of the Lair of Beasts
 12255 | D:10     | Found a shadowy altar of Dithmenos.
 12665 | D:10     | Found a runed translucent gate.
 12666 | D:10     | Found a runed translucent gate.
 12666 | D:10     | Identified the +8 plate armour of Discretion {Rampage
                  | Str+6}
 13262 | Lair:1   | Learned a level 4 spell: Animate Dead
 13690 | Lair:1   | You fall into a shaft and drop 1 floor!
 13798 | Lair:2   | Reached XP level 12. HP: 95/124 MP: 12/25
 13879 | Lair:2   | Found a dark tunnel.
 13894 | Volcano  | Entered a volcano
 14049 | Volcano  | Reached ** piety under Kikubaaqudgha
 14196 | Volcano  | Reached skill level 5 in Necromancy
 14224 | Volcano  | Reached skill level 5 in Poison Magic
 14758 | Volcano  | Noticed a fire dragon
 14773 | Volcano  | Killed a fire dragon
 14936 | Lair:2   | Found a staircase to the Snake Pit.
 14972 | Lair:2   | Identified the +2 orcbow of Xikeil {speed, rCorr}
 15016 | Lair:2   | Noticed an eleionoma
 15016 | Lair:2   | Noticed a six-headed hydra
 17472 | Lair:2   | Killed a six-headed hydra
 17473 | Lair:2   | Reached XP level 13. HP: 131/131 MP: 26/26
 17480 | Lair:2   | Found a staircase to the Swamp.
 17485 | Lair:2   | Killed an eleionoma
 18308 | Lair:3   | Reached skill level 10 in Earth Magic
 19659 | Lair:4   | Noticed Sonja
 19666 | Lair:4   | Killed Sonja
 20110 | D:11     | Noticed Maurice
 20116 | D:11     | Killed Maurice
 20274 | D:11     | Noticed Fannar
 20281 | D:11     | Killed Fannar
 20282 | D:11     | Reached skill level 1 in Fire Magic
 20369 | D:11     | Learned a level 6 spell: Leda's Unmaking
 20775 | D:11     | Noticed Snorg
 20775 | D:11     | Noticed Erica
 21686 | D:9      | Found a broken altar of Ashenzari.
 22410 | Orc:1    | Entered Level 1 of the Orcish Mines
 22543 | D:10     | Learned a level 3 spell: Ignite Poison
 23096 | Orc:1    | Reached XP level 14. HP: 90/140 MP: 9/27
 23442 | Orc:2    | Entered Level 2 of the Orcish Mines
 23671 | Orc:2    | Reached *** piety under Kikubaaqudgha
 23671 | Orc:2    | Received a gift from Kikubaaqudgha
 23826 | Orc:2    | Found a staircase to the Elven Halls.
 23993 | Orc:2    | Reached skill level 5 in Fire Magic
 24084 | Orc:2    | Reached **** piety under Kikubaaqudgha
 24498 | Orc:2    | Found Ipseoczad's Armour Shop.
 24502 | Orc:2    | Found Qoenun's Weapon Shop.
 24505 | Orc:2    | Found Piuzobb's Assorted Antiques.
 24507 | Orc:2    | Found Fuluarch's Magic Scroll Boutique.
 24517 | Orc:2    | Bought a scroll of teleportation for 51 gold pieces
 24517 | Orc:2    | Bought a scroll of blinking for 127 gold pieces
 24517 | Orc:2    | Bought a scroll of blinking for 127 gold pieces
 24518 | Orc:2    | Bought a scroll of identify for 34 gold pieces
 24518 | Orc:2    | Bought a scroll of identify for 34 gold pieces
 24518 | Orc:2    | Bought a scroll of identify for 34 gold pieces
 24584 | Orc:2    | Acquired 520 gold pieces
 25437 | D:11     | Killed Erica
 25440 | D:11     | Killed Snorg
 27194 | D:12     | Learned a level 5 spell: Borgnjor's Vile Clutch
 27943 | D:13     | Noticed Urug
 27956 | D:13     | Killed Urug
 28740 | Lair:4   | Reached ***** piety under Kikubaaqudgha
 29544 | Lair:4   | Found a runed translucent door.
 29548 | Lair:4   | Found a viscous altar of Jiyva.
 29550 | Lair:4   | Found a staircase to the Slime Pits.
 29971 | Lair:5   | Entered Level 5 of the Lair of Beasts
 29986 | Lair:5   | Reached XP level 15. HP: 134/148 MP: 15/28
 30540 | Lair:5   | Found a bloodstained altar of Trog.
 30547 | Lair:5   | Reached skill level 10 in Fire Magic
 30682 | Lair:5   | Reached skill level 10 in Conjurations
 32327 | D:13     | Found a gate to the Vaults.
 32746 | D:14     | Reached skill level 10 in Necromancy
 32746 | D:14     | Reached ****** piety under Kikubaaqudgha
 33196 | Swamp:1  | Entered Level 1 of the Swamp
 33319 | Swamp:1  | Found a frozen archway.
 33323 | IceCv    | Entered an ice cave
 33791 | IceCv    | Learned a level 6 spell: Death Channel
 34219 | IceCv    | Noticed a white draconian knight
 34233 | IceCv    | Reached skill level 10 in Spellcasting
 34665 | IceCv    | Identified the ring "Maennex" {Fly SInv}
 34743 | IceCv    | HP: 3/222 [something (9)]
 35085 | IceCv    | HP: 11/222 [something (6)]
 35086 | IceCv    | Killed from afar by a white draconian knight

Illustrated notes

Levels and vault maps discovered:
D:1:      lemuel_arrival_tunnels, layout_basic, hangedman_decor_clover_reticule,
          minivault_5
D:2:      layout_basic, minmay_misc_feat_rows, uniq_natasha
D:3:      layout_basic, portal_sewer_entry_b
D:4:      layout_basic, lemuel_round_altar, general_overflow_altar,
          minmay_temple_entry_stoned_glass,
          nicolae_ossuary_entry_false_entrances
D:5:      layout_gridville, mainiacjoe_overflow_brackets,
          mainiacjoe_overflow_six_doors_small, serial_shops, shop,
          roderic_batcave, minmay_door_square, minmay_misc_feat_diagonals
D:6:      layout_basic, minmay_manual_maat
D:7:      layout_rooms, kennysheep_little_box
D:8:      layout_gridville, elyvilon_altar_3,
          chequers_temple_overflow_minitemple, kennysheep_mini,
          lightli_bailey_entry_fortress
D:9:      layout_cave_pools, evilmike_ruin_ashenzari,
          grunt_temple_overflow_open, minmay_joined_circles, uniq_pikel
D:10:     layout_small_grid, nicolae_dithmenos_shadow_blocks,
          hellmonk_lair_entry_icy, david_orc_2, biasface_ghost_orc_armoury,
          serial_shops, nicolae_lakefront_shop, uniq_maggie
D:11:     layout_basic, uniq_erica, uniq_maurice, uniq_fannar, uniq_snorg
D:12:     layout_loops_ring, grunt_decor_arrowhead
D:13:     layout_rooms, ximxim_vaults_locker_room, uniq_urug
D:14:     layout_basic, serial_park_square2, interstate_on_off, uniq_kirke
Temple:   hellmonk_temple_two_chambers
Lair:1:   beast_lair_carwin_large_4, layout_cave_pods
Lair:2:   layout_hall_layers, alex1729_swamp_entry_worm_eleionoma,
          dummy_snake_entry, enter_volcano_3, grunt_megastairs_2
Lair:3:   layout_gridlike, beast_lair_carwin_7, grunt_megastairs_5
Lair:4:   layout_misc_corridors, slime_entry_2, hibernation_bobbens,
          grunt_megastairs_4, uniq_sonja
Lair:5:   evilmike_catoblepas_cave, layout_gridlike, lemuel_oklob_altar
Swamp:1:  layout_basic_swamp, portal_ice_cave_entry_pillars_four,
          hangedman_swamp_ruin_wall
Orc:1:    layout_diamond_mine
Orc:2:    st_orc_mages, layout_diamond_mine
IceCv:    ice_cave_small_dragons

Skill      XL: |  1  2  3  4  5  6  7  8  9 10 11 12 13 14 15 |
---------------+----------------------------------------------+-----
Fighting       | 2 3 4 5 7 8 9 |  9.5
Spellcasting   | 1 2 3 4 5 7 8 9 10 | 10.0
Unarmed Combat | 3 4 5 6 7 8 |  8.5
Conjurations   | 1 3 4 5 6 7 9 10 | 10.4
Earth Magic    | 1 3 4 5 7 9 11 | 11.0
Necromancy     | 1 4 7 9 10 | 10.3
Poison Magic   | 1 4 5 |  5.9
Fire Magic     | 4 9 11 | 11.7
Dodging        | |  1.7
Shapeshifting  | |  3.0

Action                     |  1- 3 |  4- 6 |  7- 9 | 10-12 | 13-15 || total
---------------------------+-------+-------+-------+-------+-------++-------
  Melee: Unarmed           |    81 |   277 |   265 |   290 |   168 ||  1081
         Punch             |       |     9 |    10 |    16 |     9 ||    44
  Throw: Dart              |       |       |    11 |       |       ||    11
   Cast: Stone Arrow       |       |       |    83 |   227 |   223 ||   533
         Animate Dead      |       |       |       |     5 |    18 ||    23
         Olgreb's Toxic Ra |       |       |       |     1 |   126 ||   127
         Ignite Poison     |       |       |       |       |    85 ||    85
         Borgnjor's Vile C |       |       |       |       |   115 ||   115
         Sublimation of Bl |       |       |       |       |     5 ||     5
         Death Channel     |       |       |       |       |     1 ||     1
 Invoke: Unearth Wretches  |       |       |       |     4 |     9 ||    13
Ability: Begin Untransform |       |       |       |     1 |       ||     1
  Evoke: Wand              |       |       |     2 |    38 |    23 ||    63
    Use: Scroll            |       |     5 |     8 |    13 |    20 ||    46
         Potion            |       |     3 |       |    12 |    11 ||    26
   Stab: Invisible         |       |       |       |     4 |       ||     4
         Paralysed         |       |       |       |     2 |     5 ||     7
         Distracted        |       |       |       |     1 |     1 ||     2
         Petrified         |       |       |       |       |     2 ||     2
         Petrifying        |       |       |       |       |     1 ||     1
 Armour: Animal skin       |    25 |    12 |       |       |       ||    37
         Robe              |       |    49 |   125 |   129 |    68 ||   371
         Skin              |       |     3 |       |    13 |     1 ||    17
  Dodge: Dodged            |    39 |   100 |   138 |   206 |   111 ||   594
  Block: Other             |       |       |     6 |   122 |    49 ||   177
         Reflection        |       |       |     2 |     4 |     7 ||    13

Table legend: (Time is in decaauts)
 A = Elapsed time spent in this place.
 B = Non-inter-level travel time spent in this place.
 C = Inter-level travel time spent in this place.
 D = Time resting spent in this place.
 E = Time spent auto-exploring this place.
 F = Levels seen in this place.
 G = Mean time per level.
                   A        B        C        D        E       F      G
               +--------+--------+--------+--------+--------+-----+--------+
         Total |  35004 |  33460 |   1544 |  11975 |  13529 |  28 | 1250.1 |
       Dungeon |  17917 |  16792 |   1125 |   5341 |   7628 |  14 | 1279.8 |
        Temple |      1 |      1 |      0 |      0 |      0 |   1 |    1.0 |
          Lair |  10017 |   9659 |    358 |   3256 |   4608 |   5 | 2003.4 |
         Swamp |    126 |    126 |      0 |     53 |      0 |   1 |  126.0 |
  Orcish Mines |   2648 |   2587 |     61 |   1047 |    830 |   2 | 1324.0 |
         Sewer |    686 |    686 |      0 |     40 |    342 |   1 |  686.0 |
       Ossuary |    272 |    272 |      0 |     69 |      1 |   1 |  272.0 |
        Bailey |    595 |    595 |      0 |    343 |     30 |   1 |  595.0 |
      Ice Cave |   1758 |   1758 |      0 |   1180 |     34 |   1 | 1758.0 |
       Volcano |    980 |    980 |      0 |    646 |     56 |   1 |  980.0 |
               +--------+--------+--------+--------+--------+-----+--------+

Top non-repeatable levels by time:
    D:10: 2902 daAuts
  Lair:1: 2798 daAuts
  Lair:5: 2183 daAuts
  Lair:2: 1856 daAuts
    D:12: 1830 daAuts
   IceCv: 1758 daAuts
  Lair:4: 1755 daAuts
   Orc:2: 1724 daAuts
     D:8: 1700 daAuts
    D:13: 1566 daAuts
     D:5: 1453 daAuts
  Lair:3: 1423 daAuts
    D:11: 1376 daAuts
     D:9: 1355 daAuts
     D:1: 1274 daAuts
